 Dungeon Crawl Stone Soup version 0.31-a0-675-g238779eb0a (webtiles) character file.

Game seed: 11680963911620126445

113 qw the Shooter (level 4, 0/28 HPs)
             Began as a Gargoyle Hunter on Sept 5, 2023.
             Killed from afar by an orc wizard (4 damage)
             ... with a puff of flame
             ... on level 3 of the Dungeon.
             The game lasted 00:00:39 (1767 turns).

qw the Shooter (Gargoyle Hunter)                    Turns: 1767, Time: 00:00:40

Health: 0/28       AC:  7    Str: 15    XL:     4   Next: 96%
Magic:  4/4        EV: 11    Int:  9    God:
Gold:   49         SH:  0    Dex: 15    Spells: 3/3 levels left

rFire   . . .        Y - +0 shortbow
rCold   . . .        (shield currently unavailable)
rNeg    + . .        c - +0 leather armour
rPois   inf          (no helmet)
rElec   +            (no cloak)
rCorr   .            d - +0 pair of gloves
SInv    .            (no boots)
Will    .....        (no amulet)
Stlth   +            (no ring)
HPRegen 0.24/turn    (no ring)
MPRegen 0.09/turn

%: no passive effects
@: confused
A: sickness immunity, AC +3, negative energy resistance 1, electricity
resistance, torment resistance 1, petrification resistance
a: no special abilities


You were on level 3 of the Dungeon.
You visited 1 branch of the dungeon, and saw 3 of its levels.

You collected 49 gold pieces.


Innate Abilities, Weirdness & Mutations

You are immune to sickness and miasma.
Your stone body is resilient. (AC +3)
You are immune to poison.
You resist negative energy. (rN+)
You are resistant to electric shocks. (rElec)
You are resistant to unholy torment.
You are immune to petrification.


   Skills:
 - Level 3.5 Fighting
 + Level 5.5 Ranged Weapons
 - Level 1.5 Dodging
 - Level 1.1 Stealth


You had 3 spell levels left.
You didn't know any spells.
Your spell library was empty.

Inventory:

Hand Weapons
 Y - a +0 shortbow (weapon)
Armour
 c - a +0 leather armour (worn)
 d - a +0 pair of gloves (worn)
Potions
 e - 2 potions of ambrosia {unknown}
 f - a potion of attraction {unknown}
 g - a potion of haste {unknown}
 h - a potion of invisibility {unknown}
 i - 2 potions of curing {unknown}

Dungeon Overview and Level Annotations

Branches:
Dungeon (3/15)

Altars:


Message History

The orc wizard points at you and mumbles some strange words.
The puff of flame hits you.
You shoot an arrow. The arrow hits the orc wizard.
The orc wizard is moderately wounded.
The orc wizard casts a spell at you. The puff of flame hits you.
You shoot an arrow. The arrow hits the orc wizard.
The orc wizard is severely wounded.
You shoot an arrow. The arrow hits the orc wizard.
The orc wizard is almost dead.
The orc wizard casts a spell at you.
The magic dart hits you but does no damage.
You shoot an arrow.
The arrow closely misses the orc wizard.
The orc wizard gestures wildly while chanting.
The orc wizard flickers and vanishes!
Deactivating autopickup; reactivate with Ctrl-A.
1759 ||| STILL FLEEEEING.
1760 ||| STILL FLEEEEING.
A puff of flame appears from out of thin air!
The puff of flame hits you!
You see here a frilled lizard corpse.
You shoot an arrow. You shoot an arrow. You shoot an arrow.
You hear some strange, mumbled words.
You are confused.
You shoot an arrow.
You hear some strange, mumbled words.
Something tries to affect you, but you resist.
You shoot an arrow.
You hear some strange, mumbled words.
Something tries to affect you, but you resist.
You shoot an arrow. Something hits you. x2
You shoot an arrow.
You hear some strange, mumbled words.
A puff of flame appears from out of thin air!
The puff of flame hits you.
You die...

####### #.....#
#.#...### #.......#
#. #######.###.###
#. #..........<..#
#.~ ##.###...#####.#
#.. #...##.#.....# #
#.~.#...{@.#.#...#
..#...#....###.#.#.#
!.~.~.~)...# [.. # #
...~.~.?...# ###
:.)....%.......
.#######.###### ..#
####


There were no monsters in sight!

Vanquished Creatures
  Natasha (twice) (D:2)
  An adder (D:2)
  4 orcs (D:3)
  2 ball pythons (D:1)
  4 bats
  3 endoplasms
  3 giant cockroaches
  3 goblins
  4 hobgoblins (D:1)
  7 kobolds
  2 quokkas (D:1)
  7 frilled lizards
  9 rats
51 creatures vanquished.

Notes
Turn   | Place    | Note
-------+----------+-------------------------------------------
     0 | D:1      | qw the Gargoyle Hunter began the quest for the Orb.
     0 | D:1      | Reached XP level 1. HP: 12/12 MP: 1/1
     0 | D:1      | 0 ||| qw: Version: 0.3-a-75-gb5c8c4b
     0 | D:1      | 0 ||| qw: Game counter: 16
     0 | D:1      | 0 ||| qw: Melee chars always use a shield: true
     0 | D:1      | 0 ||| qw: God list: Okawaru
     0 | D:1      | 0 ||| qw: Allow faded altars: false
     0 | D:1      | 0 ||| qw: Do Orc after clearing Dungeon:15 true
     0 | D:1      | 0 ||| qw: Do second Lair branch before Depths: true
     0 | D:1      | 0 ||| qw: Lair rune preference: random
     0 | D:1      | 0 ||| qw: Goals: Normal
     0 | D:1      | 0 ||| PLANNING D:1-11
   160 | D:1      | Reached XP level 2. HP: 17/17 MP: 2/2
   184 | D:1      | Found a faded altar of an unknown god.
   486 | D:1      | Reached XP level 3. HP: 21/21 MP: 3/3
   664 | D:1      | Reached skill level 5 in Ranged Weapons
   828 | D:1      | 828 ||| UPGRADING to +0 pair of gloves.
   833 | D:1      | 833 ||| READING scroll labelled MOS HETEDOKH.
   837 | D:1      | 837 ||| DROPPING scroll of butterflies.
  1056 | D:2      | Noticed Natasha
  1068 | D:2      | Killed Natasha
  1069 | D:2      | Reached skill level 3 in Fighting
  1069 | D:2      | Reached XP level 4. HP: 16/28 MP: 4/4
  1399 | D:2      | Noticed Natasha
  1408 | D:2      | Killed Natasha
  1684 | D:2      | 1684 ||| READING scroll labelled ZYX RIESHAWISO.
  1685 | D:2      | 1685 ||| READING scroll labelled MEJEGREAWK.
  1686 | D:2      | 1686 ||| READING scroll labelled DUT GYTAECVUSIAG.
  1737 | D:3      | 1737 ||| RETREATING.
  1738 | D:3      | 1738 ||| Stepping ~*~*~tactically~*~*~ (retreating).
  1750 | D:3      | 1750 ||| FLEEEEING.
  1751 | D:3      | 1751 ||| FLEEEEING.
  1760 | D:3      | HP: 5/28 [something/puff of flame (12)]
  1766 | D:3      | HP: 5/28 [something (2)]
  1767 | D:3      | Killed from afar by an orc wizard

Levels and vault maps discovered:
D:1:      scummos_arrival_checkerplants, layout_basic,
          hellmonk_ecumenical_altar_prayer_group
D:2:      layout_basic, uniq_natasha
D:3:      cheibrodos_fertilizer, layout_basic, nicolae_ru_path_of_blood,
          minmay_misc_feat_encased

Skill      XL: |  1  2  3 |
---------------+----------+-----
Ranged Weapons | 5 |  5.5
Fighting       | 3 |  3.5
Dodging        | |  1.5
Stealth        | |  1.1

Action                     |  1- 3 |  4- 6 || total
---------------------------+-------+-------++-------
   Fire: Shortbow          |   100 |    71 ||   171
    Use: Scroll            |     1 |     3 ||     4
 Armour: Leather armour    |    18 |    20 ||    38
  Dodge: Dodged            |    20 |     7 ||    27

Table legend:
 A = Non-vault XP
 B = Vault XP
 C = Vault XP percentage of total XP
 D = Non-vault monster count
 E = Vault monster count
 F = Vault count percentage of total count
                 A         B        C        D         E       F
            +---------+---------+-------+---------+---------+-------
      Total |     121 |      41 |  25.3 |      48 |       3 |   5.9
            +---------+---------+-------+---------+---------+-------
        D:1 |      38 |       4 |   9.5 |      25 |       2 |   7.4
        D:2 |      69 |      37 |  34.9 |      17 |       1 |   5.6
        D:3 |      14 |       0 |   0.0 |       6 |       0 |   0.0
            +---------+---------+-------+---------+---------+-------
